[ AOE2 MATCH · #494016809 ]
UnrankedIncas vs Muisca
[ REPLAY ANALYSIS · EXTRACTED FROM THE RECORDED GAME ]
Feudal
10:28
Castle
22:16
Imperial
—
| APM avg | 20.0 |
| APM peak | 39 |
| eAPM avg | 11.6 |
| Villagers / military | 46 / 10 |
Focus
⚔️ 28.7% · 🌾 71.3%
Unknown (2550) ×45 · Skirmisher ×10
Feudal
9:44
Castle
24:19
Imperial
—
| APM avg | 38.3 |
| APM peak | 88 |
| eAPM avg | 16.7 |
| Villagers / military | 50 / 45 |
Focus
⚔️ 31.4% · 🌾 68.6%
Archer ×45
Feudal
11:01
Castle
23:37
Imperial
—
| APM avg | 30.6 |
| APM peak | 95 |
| eAPM avg | 15.6 |
| Villagers / military | 79 / 0 |
Focus
⚔️ 21.1% · 🌾 78.9%
Unknown (2550) ×3
Feudal
12:10
Castle
16:07
Imperial
—
| APM avg | 29.1 |
| APM peak | 111 |
| eAPM avg | 13.0 |
| Villagers / military | 47 / 33 |
Focus
⚔️ 27.5% · 🌾 72.5%
Camel Scout ×16 · Steppe Lancer ×14 · Battering Ram ×3
Feudal
9:25
Castle
19:10
Imperial
—
| APM avg | 26.0 |
| APM peak | 82 |
| eAPM avg | 13.2 |
| Villagers / military | 75 / 32 |
Focus
⚔️ 18.2% · 🌾 81.8%
Knight ×29 · Scout Cavalry ×3
Feudal
9:31
Castle
19:07
Imperial
—
| APM avg | 59.9 |
| APM peak | 95 |
| eAPM avg | 27.0 |
| Villagers / military | 63 / 19 |
Focus
⚔️ 34.0% · 🌾 66.0%
Archer ×13 · Battering Ram ×3 · Scorpion ×2 · Mangonel ×1
Match map
Initial resources + every placement click. Lines = walls · curves = elevation contours. ◆ gold · ⬟ stone · ● berries · ✦ relic · ◌ wall gap
Your base· ✓ Closed at 22:16 · 46t walls · no gate
[GT] Burok's base· ✓ Closed at 24:19 · 12t walls · no gate
-LN-cheperico's base· ✓ Closed at 23:37 · 56t walls · 3 gate(s)
[GT] kazunela's base· ✓ Closed at 16:07 · 0t walls · no gate
-LN- Rodo conqueror's base· ✓ Closed at 19:10 · 0t walls · no gate
-LN-Jupper's base· ✓ Closed at 19:07 · 1t walls · 2 gate(s)
Smoothed initial terrain · ◌ = detected wall gap · hover for details
Inputs per minute
— [GT] BurnInHell - - [GT] Burok
Build order — [GT] BurnInHell
134 actions detected in the replay
| 0:00 | Create | Villager (Male) |
| 0:01 | Create | Villager (Male) |
| 0:01 | Create | Villager (Male) |
| 0:01 | Create | Villager (Male) |
| 0:03 | Build | House |
| 1:27 | Create | Villager (Male) |
| 1:57 | Build | Settlement |
| 1:59 | Create | Villager (Male) |
| 2:18 | Create | Villager (Male) |
| 2:50 | Create | Villager (Male) |
| 3:00 | Build | Palisade Wall |
| 3:13 | Create | Villager (Male) |
| 3:42 | Build | Palisade Wall |
| 3:46 | Create | Villager (Male) |
| 4:23 | Build | Palisade Wall |
| 4:25 | Create | Villager (Male) |
| 4:43 | Create | Villager (Male) |
| 5:02 | Build | House |
| 5:06 | Build | Palisade Wall |
| 5:15 | Create | Villager (Male) |
| 5:29 | Create | Villager (Male) |
| 5:52 | Create | Villager (Male) |
| 6:07 | Create | Villager (Male) |
| 6:27 | Create | Villager (Male) |
| 7:10 | Create | Villager (Male) |
| 7:36 | Research | Loom |
| 7:44 | Build | Palisade Wall |
| 8:18 | Research | Feudal Age |
| 8:31 | Build | Settlement |
| 8:54 | Build | Barracks |
| 9:46 | Create | Villager (Male) |
| 9:53 | Build | Palisade Wall |
| 9:54 | Build | Palisade Wall |
| 10:10 | Create | Villager (Male) |
| 10:28 | Age | Feudal Age |
| 10:31 | Build | Archery Range |
| 10:34 | Research | Double-Bit Axe |
| 10:41 | Build | Palisade Wall |
| 10:47 | Build | Palisade Wall |
| 10:58 | Create | Villager (Male) |
| 11:09 | Create | Villager (Male) |
| 11:13 | Build | Blacksmith |
| 11:25 | Create | Villager (Male) |
| 11:31 | Create | Skirmisher |
| 11:32 | Create | Skirmisher |
| 11:42 | Research | Horse Collar |
| 11:45 | Create | Villager (Male) |
| 12:01 | Create | Skirmisher |
| 12:13 | Research | Fletching |
| 12:18 | Build | Settlement |
| 12:27 | Create | Skirmisher |
| 12:30 | Create | Villager (Male) |
| 12:43 | Build | Farm |
| 13:02 | Build | Settlement |
| 13:06 | Create | Villager (Male) |
| 13:09 | Create | Skirmisher |
| 13:15 | Build | Farm |
| 13:25 | Create | Villager (Male) |
| 13:29 | Build | Farm |
| 13:39 | Build | Farm |
| 13:41 | Create | Villager (Male) |
| 13:46 | Create | Skirmisher |
| 13:54 | Create | Skirmisher |
| 14:02 | Build | Farm |
| 14:18 | Create | Villager (Male) |
| 14:22 | Create | Skirmisher |
| 14:30 | Build | Farm |
| 14:40 | Build | Farm |
| 14:49 | Create | Villager (Male) |
| 14:57 | Build | Farm |
| 15:05 | Create | Villager (Male) |
| 15:17 | Create | Skirmisher |
| 15:33 | Build | Farm |
| 15:37 | Create | Villager (Male) |
| 15:44 | Research | Padded Archer Armor |
| 15:50 | Create | Skirmisher |
| 16:03 | Create | Villager (Male) |
| 16:09 | Build | Farm |
| 16:23 | Build | Farm |
| 16:42 | Build | Farm |
| 16:44 | Create | Villager (Male) |
| 16:45 | Create | Villager (Male) |
| 17:05 | Build | Farm |
| 17:56 | Create | Villager (Male) |
| 18:04 | Build | Stone Wall |
| 18:09 | Research | Wheelbarrow |
| 18:27 | Build | Farm |
| 19:29 | Research | Castle Age |
| 19:59 | Build | Barracks |
| 20:01 | Build | Barracks |
| 20:04 | Build | Barracks |
| 20:10 | Build | Barracks |
| 20:16 | Build | Farm |
| 20:23 | Research | Scale Mail Armor |
| 20:36 | Research | Gold Mining |
| 20:42 | Research | Tech 1402 |
| 21:47 | Research | Forging |
| 22:07 | Create | Villager (Male) |
| 22:16 | Age | Castle Age |
| 22:21 | Research | Tech 1351 |
| 22:22 | Research | Squires |
| 22:25 | Research | Chain Mail Armor |
| 22:40 | Create | Villager (Male) |
| 22:54 | Build | Castle |
| 22:58 | Create | Villager (Male) |
| 23:09 | Create | Unit 2550 ×3 |
| 23:10 | Create | Unit 2550 |
| 23:32 | Build | Market |
| 24:17 | Create | Unit 2550 ×5 |
| 24:18 | Create | Unit 2550 ×5 |
| 24:44 | Build | Farm |
| 25:20 | Create | Unit 2550 ×5 |
| 25:20 | Create | Unit 2550 ×5 |
| 25:45 | Build | Gate |
| 25:51 | Build | Barracks |
| 26:10 | Research | Iron Casting |
| 26:14 | Research | Arson |
| 26:21 | Create | Villager (Male) |
| 26:58 | Create | Villager (Male) |
| 26:59 | Create | Villager (Male) |
| 27:00 | Create | Villager (Male) |
| 27:00 | Create | Villager (Male) |
| 27:08 | Build | Farm |
| 27:13 | Build | Farm |
| 27:14 | Build | Farm |
| 27:18 | Build | Farm |
| 27:25 | Create | Villager (Male) |
| 27:49 | Create | Villager (Male) |
| 28:00 | Create | Unit 2550 ×5 |
| 28:00 | Create | Unit 2550 |
| 28:04 | Build | Farm |
| 29:17 | Create | Unit 2550 ×5 |
| 29:17 | Create | Unit 2550 ×5 |
| 29:18 | Create | Unit 2550 ×5 |
Build order — [GT] Burok
131 actions detected in the replay
| 0:02 | Research | Loom |
| 0:02 | Create | Villager (Male) ×3 |
| 0:03 | Build | House |
| 0:05 | Build | House |
| 1:35 | Create | Villager (Male) |
| 1:42 | Build | House |
| 1:44 | Build | House |
| 1:56 | Create | Villager (Male) |
| 2:38 | Create | Villager (Male) |
| 2:53 | Create | Villager (Male) |
| 3:10 | Create | Villager (Male) |
| 3:23 | Build | Lumber Camp |
| 4:06 | Create | Villager (Male) |
| 4:37 | Create | Villager (Male) |
| 4:55 | Create | Villager (Male) |
| 5:20 | Create | Villager (Male) |
| 5:25 | Create | Villager (Male) |
| 5:37 | Build | Mill |
| 5:56 | Create | Villager (Male) |
| 6:37 | Create | Villager (Male) |
| 6:38 | Create | Villager (Male) |
| 7:34 | Research | Feudal Age |
| 7:54 | Build | Mining Camp |
| 8:11 | Build | House |
| 8:17 | Build | Palisade Wall |
| 8:34 | Build | Barracks |
| 8:36 | Build | Palisade Wall |
| 9:05 | Build | House |
| 9:15 | Build | Palisade Wall |
| 9:43 | Create | Villager (Male) |
| 9:44 | Age | Feudal Age |
| 9:56 | Build | Archery Range |
| 10:01 | Research | Double-Bit Axe |
| 10:03 | Create | Villager (Male) |
| 10:37 | Build | Archery Range |
| 10:43 | Create | Archer |
| 10:46 | Create | Villager (Male) |
| 10:57 | Build | Palisade Wall |
| 11:07 | Create | Archer |
| 11:11 | Create | Villager (Male) |
| 11:27 | Build | House |
| 11:30 | Build | Palisade Gate |
| 11:33 | Create | Archer ×3 |
| 11:56 | Create | Villager (Male) |
| 12:06 | Build | Blacksmith |
| 12:09 | Build | Palisade Wall |
| 12:12 | Create | Archer |
| 12:13 | Create | Archer |
| 12:59 | Create | Villager (Male) |
| 13:08 | Build | Market |
| 13:12 | Build | House |
| 13:13 | Build | Palisade Wall |
| 13:17 | Create | Archer ×3 |
| 13:58 | Create | Villager (Male) |
| 14:08 | Build | House |
| 14:18 | Research | Fletching |
| 14:37 | Create | Villager (Male) |
| 14:42 | Build | House |
| 14:43 | Create | Villager (Male) |
| 15:02 | Create | Villager (Male) |
| 15:05 | Create | Archer ×2 |
| 15:14 | Create | Villager (Male) |
| 15:18 | Build | House |
| 15:23 | Build | Farm |
| 15:24 | Build | Farm |
| 15:24 | Build | Farm |
| 15:24 | Build | Farm |
| 15:25 | Build | Farm |
| 15:25 | Build | Farm |
| 15:31 | Build | Farm |
| 15:56 | Build | House |
| 16:00 | Create | Archer |
| 16:01 | Create | Archer |
| 16:10 | Create | Villager (Male) |
| 16:19 | Build | Lumber Camp |
| 16:26 | Build | House |
| 16:37 | Create | Villager (Male) |
| 16:39 | Build | Farm |
| 16:42 | Create | Villager (Male) |
| 17:06 | Create | Villager (Male) |
| 17:33 | Create | Archer ×5 |
| 17:42 | Create | Villager (Male) |
| 17:44 | Create | Archer |
| 18:09 | Create | Villager (Male) |
| 18:47 | Create | Villager (Male) |
| 18:47 | Create | Villager (Male) |
| 18:51 | Build | Farm |
| 18:51 | Build | Farm |
| 18:51 | Build | Farm |
| 18:51 | Build | Farm |
| 18:57 | Build | Farm |
| 19:46 | Create | Villager (Male) |
| 19:51 | Build | Farm |
| 19:55 | Build | Farm |
| 20:24 | Research | Wheelbarrow |
| 20:58 | Build | Archery Range |
| 20:58 | Build | Archery Range |
| 21:38 | Research | Castle Age |
| 21:54 | Create | Archer ×5 |
| 22:09 | Create | Archer |
| 22:09 | Create | Archer |
| 22:16 | Build | Archery Range |
| 23:44 | Create | Archer ×5 |
| 23:44 | Create | Archer ×5 |
| 24:19 | Age | Castle Age |
| 24:26 | Research | Crossbowman (upgrade) |
| 24:27 | Research | Thumb Ring |
| 24:28 | Research | Bodkin Arrow |
| 24:29 | Research | Padded Archer Armor |
| 24:30 | Create | Archer ×3 |
| 24:35 | Build | House |
| 24:36 | Create | Villager (Male) |
| 24:47 | Build | Town Center |
| 24:57 | Build | Town Center |
| 24:59 | Create | Villager (Male) |
| 25:15 | Create | Archer ×5 |
| 25:18 | Create | Villager (Male) |
| 25:45 | Build | House |
| 25:46 | Build | House |
| 26:11 | Create | Villager (Male) |
| 26:23 | Build | House |
| 26:41 | Create | Villager (Male) ×5 |
| 26:42 | Create | Villager (Male) |
| 27:02 | Build | Lumber Camp |
| 27:21 | Build | House |
| 28:17 | Create | Villager (Male) |
| 28:17 | Create | Villager (Male) |
| 28:18 | Create | Villager (Male) |
| 28:21 | Create | Villager (Male) |
| 28:40 | Build | Farm |
| 28:52 | Build | University |
Build order — -LN-cheperico
First 150 of 167 actions detected
| 0:01 | Create | Villager (Male) |
| 0:01 | Create | Villager (Male) |
| 0:01 | Create | Villager (Male) |
| 0:01 | Create | Villager (Male) |
| 0:02 | Create | Villager (Male) |
| 0:04 | Build | House |
| 0:07 | Build | House |
| 1:24 | Create | Villager (Male) |
| 1:25 | Create | Villager (Male) |
| 2:00 | Build | Settlement |
| 2:02 | Create | Villager (Male) |
| 2:02 | Create | Villager (Male) |
| 2:16 | Research | Loom |
| 2:16 | Create | Villager (Male) |
| 2:16 | Create | Villager (Male) |
| 2:17 | Create | Villager (Male) |
| 2:38 | Build | Palisade Wall |
| 2:39 | Build | Palisade Wall |
| 2:40 | Build | Palisade Wall |
| 2:53 | Create | Villager (Male) |
| 2:53 | Create | Villager (Male) |
| 3:16 | Create | Villager (Male) |
| 3:16 | Create | Villager (Male) |
| 3:38 | Build | Palisade Wall |
| 3:43 | Create | Villager (Male) |
| 4:37 | Build | Settlement |
| 4:53 | Create | Villager (Male) |
| 5:04 | Build | Palisade Wall |
| 5:07 | Create | Villager (Male) |
| 5:15 | Create | Villager (Male) |
| 5:16 | Create | Villager (Male) |
| 5:53 | Create | Villager (Male) |
| 6:02 | Build | Settlement |
| 6:39 | Build | Palisade Wall |
| 6:46 | Create | Villager (Male) |
| 6:46 | Create | Villager (Male) |
| 7:14 | Create | Villager (Male) |
| 7:35 | Create | Villager (Male) |
| 7:54 | Create | Villager (Male) |
| 8:48 | Research | Feudal Age |
| 9:13 | Build | Palisade Wall |
| 9:21 | Create | Villager (Male) |
| 9:22 | Create | Villager (Male) |
| 9:22 | Create | Villager (Male) |
| 10:41 | Create | Villager (Male) |
| 10:41 | Create | Villager (Male) |
| 11:01 | Age | Feudal Age |
| 11:20 | Build | Stone Wall |
| 11:29 | Research | Double-Bit Axe |
| 11:40 | Build | Stone Wall |
| 11:40 | Build | Stone Wall |
| 11:42 | Create | Villager (Male) |
| 12:13 | Build | Market |
| 12:21 | Build | Blacksmith |
| 12:28 | Create | Villager (Male) |
| 12:42 | Build | Stone Wall |
| 12:52 | Build | Watch Tower |
| 12:57 | Create | Villager (Male) |
| 12:57 | Create | Villager (Male) |
| 13:33 | Build | Stone Wall |
| 13:34 | Build | Stone Wall |
| 13:34 | Build | Stone Wall |
| 13:36 | Build | Stone Wall |
| 13:50 | Build | Barracks |
| 13:56 | Research | Fletching |
| 14:14 | Build | Gate |
| 14:32 | Create | Villager (Male) |
| 14:32 | Create | Villager (Male) |
| 14:35 | Research | Town Watch |
| 14:38 | Build | House |
| 14:38 | Build | House |
| 15:03 | Build | House |
| 15:05 | Build | House |
| 15:20 | Build | Archery Range |
| 15:31 | Create | Villager (Male) |
| 15:32 | Create | Villager (Male) |
| 16:00 | Create | Villager (Male) |
| 16:03 | Build | Farm |
| 16:05 | Build | Farm |
| 16:08 | Build | Farm |
| 16:25 | Build | Stone Wall |
| 16:47 | Build | Farm |
| 16:49 | Build | Farm |
| 16:50 | Build | Farm |
| 16:59 | Create | Villager (Male) |
| 16:59 | Create | Villager (Male) |
| 17:13 | Build | Gate |
| 17:25 | Create | Villager (Male) |
| 17:25 | Create | Villager (Male) |
| 17:37 | Build | Watch Tower |
| 17:50 | Create | Villager (Male) |
| 17:50 | Create | Villager (Male) |
| 18:19 | Build | Palisade Gate |
| 18:32 | Build | Archery Range |
| 18:33 | Build | Archery Range |
| 18:46 | Build | Farm |
| 18:49 | Build | Farm |
| 18:49 | Build | Farm |
| 18:51 | Build | Farm |
| 19:21 | Create | Villager (Male) |
| 19:24 | Build | House |
| 19:47 | Build | Farm |
| 19:48 | Build | Farm |
| 19:50 | Build | Farm |
| 19:53 | Build | Farm |
| 19:57 | Build | Farm |
| 19:58 | Create | Villager (Male) |
| 20:02 | Build | Farm |
| 20:06 | Build | Farm |
| 20:11 | Build | House |
| 20:13 | Create | Villager (Male) |
| 20:13 | Create | Villager (Male) |
| 20:57 | Research | Castle Age |
| 21:33 | Build | House |
| 21:39 | Build | House |
| 21:43 | Build | House |
| 21:45 | Build | House |
| 21:48 | Build | House |
| 21:52 | Build | House |
| 22:17 | Build | Palisade Gate |
| 22:20 | Build | House |
| 22:23 | Build | House |
| 22:56 | Create | Villager (Male) |
| 22:56 | Create | Villager (Male) |
| 22:57 | Create | Villager (Male) |
| 23:27 | Create | Unit 2550 |
| 23:27 | Create | Unit 2550 |
| 23:27 | Create | Unit 2550 |
| 23:37 | Age | Castle Age |
| 23:50 | Create | Villager (Male) |
| 23:50 | Create | Villager (Male) |
| 23:54 | Build | Town Center |
| 24:15 | Build | Gate |
| 24:24 | Create | Villager (Male) |
| 24:24 | Create | Villager (Male) |
| 24:57 | Create | Villager (Male) |
| 24:57 | Create | Villager (Male) |
| 25:02 | Create | Villager (Male) |
| 25:02 | Create | Villager (Male) |
| 25:07 | Create | Villager (Male) |
| 25:07 | Create | Villager (Male) |
| 25:23 | Create | Villager (Male) |
| 25:37 | Build | Farm |
| 25:41 | Build | Farm |
| 25:51 | Create | Villager (Male) |
| 25:51 | Create | Villager (Male) |
| 25:51 | Create | Villager (Male) |
| 26:00 | Create | Villager (Male) |
| 26:00 | Create | Villager (Male) |
| 26:19 | Build | Farm |
Build order — [GT] kazunela
127 actions detected in the replay
| 0:02 | Create | Villager (Male) ×4 |
| 0:05 | Build | House |
| 0:06 | Build | House |
| 1:37 | Create | Villager (Male) |
| 1:54 | Build | Lumber Camp |
| 2:22 | Create | Villager (Male) |
| 2:23 | Create | Villager (Male) |
| 3:15 | Create | Villager (Male) |
| 3:15 | Create | Villager (Male) |
| 3:55 | Create | Villager (Male) |
| 4:08 | Build | House |
| 4:31 | Build | Mill |
| 4:40 | Create | Villager (Male) |
| 4:42 | Create | Villager (Male) |
| 5:34 | Create | Villager (Male) |
| 5:34 | Create | Villager (Male) |
| 5:46 | Create | Villager (Male) |
| 5:47 | Create | Villager (Male) |
| 6:03 | Build | House |
| 6:49 | Create | Villager (Male) |
| 6:55 | Build | Lumber Camp |
| 7:14 | Build | Mill |
| 7:45 | Create | Villager (Male) |
| 7:45 | Create | Villager (Male) |
| 8:29 | Create | Villager (Male) |
| 8:30 | Create | Villager (Male) |
| 8:43 | Build | Pasture |
| 8:48 | Build | Mining Camp |
| 8:57 | Research | Loom |
| 9:53 | Build | Barracks |
| 9:57 | Create | Villager (Male) |
| 9:57 | Create | Villager (Male) |
| 9:58 | Research | Feudal Age |
| 10:01 | Create | Villager (Male) |
| 10:02 | Create | Villager (Male) |
| 10:38 | Build | House |
| 12:10 | Age | Feudal Age |
| 12:12 | Build | Stable |
| 12:17 | Build | Blacksmith |
| 13:27 | Research | Castle Age |
| 13:32 | Research | Tech 1014 |
| 13:47 | Research | Double-Bit Axe |
| 13:53 | Build | Pasture |
| 14:05 | Build | House |
| 14:22 | Build | Stable |
| 14:26 | Research | Forging |
| 15:19 | Build | Pasture |
| 15:36 | Research | Scale Barding Armor |
| 15:40 | Build | House |
| 16:07 | Age | Castle Age |
| 16:10 | Create | Steppe Lancer |
| 16:15 | Create | Steppe Lancer |
| 16:34 | Create | Steppe Lancer |
| 16:58 | Create | Villager (Male) |
| 17:26 | Build | Pasture |
| 17:35 | Build | Pasture |
| 17:39 | Create | Steppe Lancer |
| 17:39 | Create | Steppe Lancer |
| 17:44 | Build | Siege Workshop |
| 18:10 | Create | Steppe Lancer |
| 18:15 | Build | Pasture |
| 18:24 | Create | Villager (Male) |
| 18:54 | Create | Battering Ram |
| 19:12 | Create | Steppe Lancer |
| 19:21 | Create | Battering Ram |
| 19:30 | Build | House |
| 19:32 | Create | Villager (Male) |
| 19:36 | Create | Steppe Lancer |
| 19:44 | Build | House |
| 20:37 | Create | Battering Ram |
| 20:39 | Build | House |
| 20:50 | Create | Steppe Lancer |
| 20:50 | Create | Steppe Lancer |
| 20:55 | Build | Pasture |
| 21:17 | Create | Villager (Male) |
| 21:17 | Create | Villager (Male) |
| 21:17 | Create | Villager (Male) |
| 21:18 | Create | Villager (Male) |
| 21:31 | Research | Iron Casting |
| 22:19 | Create | Steppe Lancer |
| 22:19 | Create | Steppe Lancer |
| 22:21 | Create | Villager (Male) |
| 22:21 | Create | Villager (Male) |
| 22:29 | Build | Town Center |
| 22:59 | Create | Steppe Lancer |
| 22:59 | Create | Steppe Lancer |
| 23:05 | Build | House |
| 23:06 | Create | Villager (Male) |
| 23:12 | Build | Pasture |
| 23:44 | Research | Husbandry |
| 24:05 | Create | Camel Scout |
| 24:05 | Create | Camel Scout |
| 24:09 | Build | House |
| 24:18 | Create | Villager (Male) |
| 24:28 | Build | Pasture |
| 24:37 | Build | Pasture |
| 24:40 | Create | Villager (Male) |
| 24:46 | Create | Camel Scout |
| 25:15 | Create | Camel Scout |
| 25:15 | Create | Camel Scout |
| 25:15 | Create | Camel Scout |
| 25:22 | Build | Pasture |
| 25:24 | Create | Villager (Male) |
| 25:25 | Create | Villager (Male) |
| 25:28 | Build | Pasture |
| 25:40 | Create | Camel Scout |
| 25:40 | Create | Camel Scout |
| 25:45 | Build | House |
| 26:05 | Create | Camel Scout |
| 26:10 | Build | Pasture |
| 26:19 | Create | Villager (Male) |
| 26:19 | Create | Villager (Male) |
| 26:27 | Build | Lumber Camp |
| 26:48 | Create | Camel Scout |
| 27:00 | Create | Villager (Male) |
| 27:07 | Create | Villager (Male) |
| 28:04 | Create | Camel Scout |
| 28:05 | Create | Camel Scout |
| 28:25 | Create | Camel Scout |
| 28:25 | Create | Camel Scout |
| 29:05 | Create | Camel Scout |
| 29:21 | Create | Camel Scout |
| 29:23 | Create | Villager (Male) |
| 29:23 | Create | Villager (Male) |
| 29:24 | Create | Villager (Male) |
| 29:24 | Create | Villager (Male) |
| 29:30 | Build | Pasture |
Build order — -LN- Rodo conqueror
First 150 of 180 actions detected
| 0:01 | Create | Villager (Male) |
| 0:01 | Create | Villager (Male) |
| 0:02 | Create | Villager (Male) |
| 0:02 | Create | Villager (Male) |
| 0:02 | Create | Villager (Male) |
| 0:02 | Create | Villager (Male) |
| 0:04 | Build | House |
| 0:06 | Build | House |
| 1:42 | Create | Villager (Male) |
| 2:06 | Create | Villager (Male) |
| 2:07 | Create | Villager (Male) |
| 2:07 | Create | Villager (Male) |
| 2:10 | Build | Lumber Camp |
| 3:10 | Build | Mill |
| 3:11 | Create | Villager (Male) |
| 3:30 | Create | Villager (Male) |
| 3:58 | Create | Villager (Male) |
| 4:07 | Build | House |
| 4:08 | Build | House |
| 4:17 | Research | Loom |
| 4:58 | Create | Villager (Male) |
| 4:59 | Create | Villager (Male) |
| 5:43 | Create | Villager (Male) |
| 5:59 | Create | Villager (Male) |
| 6:20 | Create | Villager (Male) |
| 6:43 | Create | Villager (Male) |
| 7:00 | Research | Feudal Age |
| 7:35 | Create | Villager (Male) |
| 8:23 | Build | Barracks |
| 8:31 | Create | Villager (Male) |
| 9:25 | Age | Feudal Age |
| 9:32 | Build | Stable |
| 9:35 | Research | Double-Bit Axe |
| 9:37 | Create | Villager (Male) |
| 10:06 | Research | Horse Collar |
| 10:09 | Create | Villager (Male) |
| 10:12 | Build | Farm |
| 10:15 | Create | Scout Cavalry |
| 10:15 | Create | Scout Cavalry |
| 10:15 | Create | Scout Cavalry |
| 10:37 | Build | Farm |
| 10:40 | Build | House |
| 11:27 | Create | Villager (Male) |
| 11:32 | Build | Farm |
| 11:34 | Build | Farm |
| 11:38 | Build | Farm |
| 11:53 | Create | Villager (Male) |
| 12:07 | Create | Villager (Male) |
| 12:13 | Build | Farm |
| 12:16 | Build | Farm |
| 12:25 | Build | Farm |
| 12:28 | Create | Villager (Male) |
| 12:36 | Build | Farm |
| 12:47 | Build | Farm |
| 12:48 | Create | Villager (Male) |
| 12:55 | Build | Farm |
| 13:03 | Build | Farm |
| 13:07 | Build | House |
| 13:13 | Research | Town Watch |
| 13:20 | Create | Villager (Male) |
| 13:26 | Build | House |
| 13:38 | Build | Farm |
| 13:40 | Create | Villager (Male) |
| 13:54 | Build | Mining Camp |
| 14:22 | Create | Villager (Male) |
| 14:43 | Build | Farm |
| 14:54 | Build | Farm |
| 14:56 | Build | Farm |
| 14:58 | Build | Farm |
| 15:01 | Build | Farm |
| 15:04 | Create | Villager (Male) |
| 15:15 | Create | Villager (Male) |
| 15:52 | Build | Market |
| 15:59 | Create | Villager (Male) |
| 16:22 | Create | Villager (Male) |
| 16:40 | Research | Castle Age |
| 16:44 | Research | Gold Mining |
| 17:26 | Build | Stable |
| 17:30 | Build | Farm |
| 17:37 | Research | Bloodlines |
| 18:40 | Build | Blacksmith |
| 18:42 | Create | Villager (Male) |
| 18:44 | Create | Villager (Male) |
| 19:10 | Age | Castle Age |
| 19:19 | Create | Knight |
| 19:19 | Create | Knight |
| 19:20 | Create | Villager (Male) |
| 19:34 | Research | Scale Barding Armor |
| 19:36 | Build | House |
| 19:38 | Build | House |
| 20:05 | Create | Villager (Male) |
| 20:09 | Create | Knight |
| 20:09 | Create | Knight |
| 20:17 | Build | Town Center |
| 20:25 | Create | Villager (Male) |
| 20:27 | Create | Knight |
| 20:27 | Create | Knight |
| 20:35 | Create | Knight |
| 20:35 | Create | Knight |
| 20:37 | Create | Villager (Male) |
| 20:40 | Build | Stable |
| 20:45 | Research | Forging |
| 20:47 | Research | Chain Barding Armor |
| 20:59 | Create | Villager (Male) |
| 21:13 | Create | Knight |
| 21:15 | Create | Villager (Male) |
| 21:21 | Build | Farm |
| 21:23 | Create | Villager (Male) |
| 21:31 | Create | Knight |
| 21:39 | Create | Villager (Male) |
| 21:46 | Create | Villager (Male) |
| 21:53 | Build | House |
| 21:54 | Build | House |
| 21:55 | Build | House |
| 21:58 | Build | House |
| 22:23 | Create | Villager (Male) |
| 22:25 | Create | Villager (Male) |
| 22:35 | Create | Knight |
| 22:36 | Create | Knight |
| 22:37 | Create | Villager (Male) |
| 22:44 | Create | Knight |
| 22:44 | Create | Knight |
| 23:01 | Create | Villager (Male) |
| 23:02 | Create | Villager (Male) |
| 23:25 | Create | Knight |
| 23:26 | Create | Knight |
| 23:26 | Create | Knight |
| 23:35 | Create | Knight |
| 23:35 | Create | Knight |
| 23:59 | Create | Villager (Male) |
| 23:59 | Create | Villager (Male) |
| 24:20 | Create | Villager (Male) |
| 24:23 | Create | Knight |
| 24:23 | Create | Knight |
| 24:29 | Create | Villager (Male) |
| 24:30 | Create | Villager (Male) |
| 24:40 | Create | Villager (Male) |
| 24:46 | Build | Farm |
| 24:49 | Create | Villager (Male) |
| 24:52 | Build | Lumber Camp |
| 24:56 | Build | Farm |
| 24:56 | Build | Farm |
| 24:56 | Build | Farm |
| 24:57 | Build | Farm |
| 24:57 | Build | Farm |
| 24:57 | Build | Farm |
| 25:03 | Create | Villager (Male) |
| 25:15 | Create | Villager (Male) |
| 25:25 | Create | Knight |
| 25:45 | Create | Knight |
Build order — -LN-Jupper
First 150 of 154 actions detected
| 0:01 | Create | Villager (Male) |
| 0:02 | Create | Villager (Male) |
| 0:02 | Create | Villager (Male) |
| 0:03 | Build | House |
| 0:04 | Build | House |
| 0:40 | Create | Villager (Male) |
| 0:41 | Create | Villager (Male) |
| 1:37 | Create | Villager (Male) |
| 2:06 | Research | Loom |
| 2:07 | Create | Villager (Male) |
| 2:29 | Build | Lumber Camp |
| 2:32 | Create | Villager (Male) |
| 2:51 | Create | Villager (Male) |
| 3:01 | Create | Villager (Male) |
| 3:57 | Create | Villager (Male) |
| 4:09 | Build | House |
| 4:37 | Create | Villager (Male) |
| 4:54 | Create | Villager (Male) |
| 5:13 | Build | Mill |
| 5:25 | Create | Villager (Male) |
| 5:49 | Create | Villager (Male) |
| 6:17 | Create | Villager (Male) |
| 6:39 | Create | Villager (Male) |
| 7:21 | Research | Feudal Age |
| 7:24 | Build | Mining Camp |
| 8:06 | Build | House |
| 8:53 | Build | Barracks |
| 9:13 | Create | Villager (Male) |
| 9:31 | Age | Feudal Age |
| 9:32 | Create | Villager (Male) |
| 9:49 | Build | Archery Range |
| 9:57 | Create | Villager (Male) |
| 10:23 | Create | Villager (Male) |
| 10:30 | Build | House |
| 10:32 | Create | Archer |
| 10:40 | Build | Palisade Gate |
| 10:43 | Build | Palisade Wall |
| 10:48 | Create | Villager (Male) |
| 10:53 | Build | House |
| 11:09 | Create | Villager (Male) |
| 11:11 | Create | Archer |
| 11:45 | Build | Blacksmith |
| 11:59 | Create | Villager (Male) |
| 12:11 | Build | Market |
| 12:19 | Research | Horse Collar |
| 12:39 | Build | Farm |
| 12:54 | Create | Villager (Male) |
| 12:56 | Build | Farm |
| 13:01 | Build | Mill |
| 13:21 | Create | Villager (Male) |
| 13:24 | Build | Farm |
| 13:36 | Build | Palisade Gate |
| 13:45 | Create | Villager (Male) |
| 13:48 | Build | Farm |
| 14:04 | Build | House |
| 14:20 | Create | Villager (Male) |
| 14:24 | Build | Farm |
| 14:47 | Create | Villager (Male) |
| 14:50 | Build | Farm |
| 14:57 | Build | House |
| 15:03 | Build | House |
| 15:09 | Create | Villager (Male) |
| 15:14 | Build | Farm |
| 15:30 | Build | House |
| 15:36 | Create | Villager (Male) |
| 15:55 | Build | Farm |
| 16:03 | Create | Villager (Male) |
| 16:27 | Research | Castle Age |
| 16:35 | Create | Archer |
| 16:53 | Research | Fletching |
| 17:12 | Create | Archer |
| 17:47 | Create | Archer |
| 17:51 | Research | Padded Archer Armor |
| 18:07 | Create | Villager (Male) |
| 18:25 | Create | Archer |
| 18:33 | Research | Gold Mining |
| 19:07 | Age | Castle Age |
| 19:12 | Build | Siege Workshop |
| 19:15 | Create | Villager (Male) |
| 19:22 | Research | Crossbowman (upgrade) |
| 19:24 | Research | Bodkin Arrow |
| 19:35 | Create | Villager (Male) |
| 19:40 | Build | Farm |
| 19:49 | Create | Mangonel |
| 20:02 | Create | Villager (Male) |
| 20:03 | Create | Archer |
| 20:32 | Create | Archer |
| 20:35 | Create | Villager (Male) |
| 20:43 | Create | Scorpion |
| 21:25 | Create | Archer |
| 21:31 | Create | Villager (Male) |
| 21:36 | Create | Battering Ram |
| 21:46 | Research | Double-Bit Axe |
| 21:56 | Create | Archer |
| 22:14 | Create | Villager (Male) |
| 22:19 | Create | Battering Ram |
| 22:28 | Create | Archer |
| 22:46 | Create | Villager (Male) |
| 22:57 | Create | Villager (Male) |
| 22:59 | Create | Archer |
| 23:31 | Create | Archer |
| 23:33 | Build | Monastery |
| 24:15 | Create | Villager (Male) |
| 24:18 | Create | Battering Ram |
| 24:35 | Build | Lumber Camp |
| 24:49 | Create | Villager (Male) |
| 25:16 | Build | House |
| 25:33 | Build | Town Center |
| 25:38 | Create | Villager (Male) |
| 25:45 | Create | Scorpion |
| 25:48 | Build | House |
| 25:58 | Create | Villager (Male) |
| 26:09 | Build | Town Center |
| 26:13 | Create | Villager (Male) |
| 26:13 | Create | Villager (Male) |
| 26:14 | Create | Villager (Male) |
| 26:47 | Create | Villager (Male) |
| 26:47 | Create | Villager (Male) |
| 27:04 | Build | Town Center |
| 27:06 | Create | Villager (Male) |
| 27:12 | Build | House |
| 27:19 | Build | Lumber Camp |
| 27:24 | Create | Villager (Male) |
| 27:32 | Research | Town Watch |
| 27:34 | Create | Villager (Male) |
| 27:34 | Create | Villager (Male) |
| 27:51 | Build | Lumber Camp |
| 28:14 | Create | Villager (Male) |
| 28:14 | Create | Villager (Male) |
| 28:14 | Create | Villager (Male) |
| 28:15 | Create | Villager (Male) |
| 28:24 | Build | Gate |
| 28:29 | Build | Gate |
| 28:47 | Build | House |
| 28:54 | Create | Villager (Male) |
| 28:55 | Create | Villager (Male) |
| 28:55 | Create | Villager (Male) |
| 28:55 | Create | Villager (Male) |
| 28:55 | Create | Villager (Male) |
| 28:58 | Build | Farm |
| 28:59 | Build | Farm |
| 28:59 | Build | Farm |
| 28:59 | Build | Farm |
| 28:59 | Build | Farm |
| 28:59 | Build | Farm |
| 29:10 | Build | Farm |
| 29:10 | Build | Farm |
| 29:10 | Build | Farm |
| 29:11 | Build | Farm |
| 29:14 | Build | Farm |
Match timeline
| 2:38 | -LN-cheperico · wall_segment Palisade Wall x1 |
| 2:39 | -LN-cheperico · wall_segment Palisade Wall x1 |
| 2:40 | -LN-cheperico · wall_segment Palisade Wall x1 |
| 3:00 | [GT] BurnInHell · wall_segment Palisade Wall x1 |
| 3:38 | -LN-cheperico · wall_segment Palisade Wall x7 |
| 3:42 | [GT] BurnInHell · wall_segment Palisade Wall x4 |
| 4:23 | [GT] BurnInHell · wall_segment Palisade Wall x15 |
| 5:04 | -LN-cheperico · wall_segment Palisade Wall x10 |
| 5:06 | [GT] BurnInHell · wall_segment Palisade Wall x16 |
| 6:39 | -LN-cheperico · wall_segment Palisade Wall x5 |
| 7:44 | [GT] BurnInHell · wall_segment Palisade Wall x18 |
| 8:17 | [GT] Burok · wall_segment Palisade Wall x2 |
| 8:23 | -LN- Rodo conqueror · first_building Barracks |
| 8:34 | [GT] Burok · first_building Barracks |
| 8:36 | [GT] Burok · wall_segment Palisade Wall x2 |
| 8:53 | -LN-Jupper · first_building Barracks |
| 8:54 | [GT] BurnInHell · first_building Barracks |
| 9:13 | -LN-cheperico · wall_segment Palisade Wall x3 |
| 9:15 | [GT] Burok · wall_segment Palisade Wall x2 |
| 9:25 | -LN- Rodo conqueror · age_up feudal |
| 9:31 | -LN-Jupper · age_up feudal |
| 9:32 | -LN- Rodo conqueror · first_building Stable |
| 9:44 | [GT] Burok · age_up feudal |
| 9:49 | -LN-Jupper · first_building Archery Range |
| 9:53 | [GT] BurnInHell · wall_segment Palisade Wall x1 |
| 9:53 | [GT] kazunela · first_building Barracks |
| 9:54 | [GT] BurnInHell · wall_segment Palisade Wall x1 |
| 9:56 | [GT] Burok · first_building Archery Range |
| 10:28 | [GT] BurnInHell · age_up feudal |
| 10:31 | [GT] BurnInHell · first_building Archery Range |
| 10:41 | [GT] BurnInHell · wall_segment Palisade Wall x3 |
| 10:43 | -LN-Jupper · wall_segment Palisade Wall x1 |
| 10:47 | [GT] BurnInHell · wall_segment Palisade Wall x5 |
| 10:57 | [GT] Burok · wall_segment Palisade Wall x1 |
| 11:01 | -LN-cheperico · age_up feudal |
| 11:20 | -LN-cheperico · wall_segment Stone Wall x6 |
| 11:40 | -LN-cheperico · wall_segment Stone Wall x7 |
| 11:40 | -LN-cheperico · wall_segment Stone Wall x1 |
| 12:09 | [GT] Burok · wall_segment Palisade Wall x3 |
| 12:10 | [GT] kazunela · age_up feudal |
| 12:12 | [GT] kazunela · first_building Stable |
| 12:42 | -LN-cheperico · wall_segment Stone Wall x1 |
| 13:13 | [GT] Burok · wall_segment Palisade Wall x2 |
| 13:33 | -LN-cheperico · wall_segment Stone Wall x11 |
| 13:34 | -LN-cheperico · wall_segment Stone Wall x1 |
| 13:34 | -LN-cheperico · wall_segment Stone Wall x1 |
| 13:36 | -LN-cheperico · wall_segment Stone Wall x1 |
| 13:50 | -LN-cheperico · first_building Barracks |
| 14:13 | [GT] Burok · first_market_buy 100 food |
| 14:17 | [GT] Burok · first_market_sell 100 wood |
| 14:46 | -LN-Jupper · first_market_buy 100 food |
| 15:20 | -LN-cheperico · first_building Archery Range |
| 16:06 | -LN-Jupper · first_market_sell 100 wood |
| 16:07 | [GT] kazunela · age_up castle |
| 16:25 | -LN-cheperico · wall_segment Stone Wall x1 |
| 17:44 | [GT] kazunela · first_building Siege Workshop |
| 18:04 | [GT] BurnInHell · wall_segment Stone Wall x1 |
| 19:07 | -LN-Jupper · age_up castle |
| 19:10 | -LN- Rodo conqueror · age_up castle |
| 19:12 | -LN-Jupper · first_building Siege Workshop |
| 22:16 | [GT] BurnInHell · age_up castle |
| 22:54 | [GT] BurnInHell · first_building Castle |
| 23:33 | -LN-Jupper · first_building Monastery |
| 23:37 | -LN-cheperico · age_up castle |
| 24:19 | [GT] Burok · age_up castle |
| 26:44 | -LN-cheperico · first_building Siege Workshop |
| 29:22 | -LN-cheperico · resign |
[ AI ANALYSIS · 1 CREDIT ]
What really happened in this match?
Wolo.gg analyzes every decision: build order, eco, micro, common mistakes by bracket. Personalized analysis on WhatsApp or Discord in 30 seconds.
Civ guide
Incas
Perfil
[GT] BurnInHell